 Dungeon Crawl Stone Soup version 0.21.1-1-g345015f (webtiles) character file.

552 shakethe the Firebug (level 7, -13/36 HPs)
             Began as a Deep Elf Fire Elementalist on Feb 8, 2018.
             Was an Initiate of Vehumet.
             Killed by divine providence
             ... invoked by an orc priest
              (17 damage)
             ... on level 6 of the Dungeon.
             The game lasted 00:17:03 (5120 turns).

shakethe the Firebug (Deep Elf Fire Elementalist)   Turns: 5120, Time: 00:17:04

Health: -13/36     AC:  4    Str:  5      XL:     7   Next: 8%
Magic:  0/17       EV: 13    Int: 22      God:    Vehumet [......]
Gold:   135        SH:  0    Dex: 13 (15) Spells: 4/17 levels left

rFire    . . .     SeeInvis .   o - +0 long sword
rCold    . . .     Gourm    .   (no shield)
rNeg     . . .     Faith    .   a - +0 robe
rPois    .         Spirit   +   (no helmet)
rElec    .         Reflect  .   (no cloak)
rCorr    .         Harm     .   d - +0 pair of gloves
MR       .....                  t - +0 pair of boots
Stlth    ++........             u - amulet of guardian spirit {Spirit}
HPRegen  0.12/turn              (no ring)
MPRegen  0.15/turn              (no ring)

@: very slightly contaminated
A: no striking features
a: Renounce Religion


You were on level 6 of the Dungeon.
You worshipped Vehumet.
Vehumet was noncommittal.
You were hungry.

You visited 2 branches of the dungeon, and saw 7 of its levels.

You collected 270 gold pieces.
You spent 135 gold pieces at shops.

Inventory:

Hand Weapons
 o - a +0 long sword (weapon)
   (You found it on level 2 of the Dungeon)
Armour
 a - a +0 robe (worn)
 d - a +0 pair of gloves (worn)
   (You found it on level 1 of the Dungeon)
 r - a +0 buckler
   (You bought it in a shop on level 4 of the Dungeon)
 t - a +0 pair of boots (worn)
   (You found it on level 6 of the Dungeon)
Jewellery
 u - an amulet of guardian spirit (around neck) {Spirit}
   (You found it on level 6 of the Dungeon)
Wands
 p - a wand of paralysis (32)
   (You found it on level 4 of the Dungeon)
Scrolls
 g - a scroll of magic mapping {unknown}
 h - 2 scrolls of amnesia {unknown}
 k - 4 scrolls of teleportation {unknown}
 n - 2 scrolls of identify {unknown}
 s - a scroll of enchant weapon {unknown}
Potions
 e - a potion of ambrosia {unknown}
 f - a potion of agility {unknown}
 i - 2 potions of curing {unknown}
 j - a potion of flight {unknown}
 l - a potion of mutation {unknown}
 m - a potion of lignification {unknown}
 q - a potion of magic {unknown}
Books
 b - a book of Flames
Comestibles
 c - 8 rations


   Skills:
 - Level 2.4 Dodging
 - Level 2.4 Stealth
 + Level 2.6 Shields
 - Level 5.6 Spellcasting
 - Level 1.1 Conjurations
 - Level 6.8 Fire Magic
 - Level 0.6 Evocations


You had 4 spell levels left.
You knew the following spells:

 Your Spells              Type           Power        Failure   Level  Hunger
a - Flame Tongue          Conj/Fire      ###..        1%          1    None
c - Conjure Flame         Conj/Fire      ###.....     5%          3    ##.....
f - Fireball              Conj/Fire      ###.......   45%         5    #####..
s - Sticky Flame          Conj/Fire      ###.....     19%         4    ####...


Dungeon Overview and Level Annotations

Branches:
Dungeon (6/15)             Temple (1/1) D:4

Altars:
Ashenzari
Cheibriados
Dithmenos
Elyvilon
Fedhas
Gozag
Hepliaklqana
Kikubaaqudgha
Makhleb
Nemelex Xobeh
Okawaru
Qazlal
Ru
Sif Muna
Trog
Uskayaw
Vehumet
Wu Jian
Xom
Yredelemnul
Zin
The Shining One

Shops:
D:4 [   D:6 }

Annotations:
D:5 Grinder


Message History

Found Toit's Gadget Shop.
An orc and a quasit come into view.
The orc shouts!
The quasit gives a chilling moan.
There are monsters nearby!
An orc priest comes into view.
An ogre comes into view. It is wielding a giant club.
Aim: a quasit The flame tongue misses the quasit.
The ogre shouts!
You now have 16/17 mp.
An orc comes into view. It is wielding a mace.
The quasit bites you.
The quasit claws you but does no damage.
The quasit closely misses you.
You take 1 damage, and have 34/36 hp.
You now have 15/17 mp.
The orc priest calls down the wrath of Beogh upon you.
Beogh smites you! The quasit completely misses you.
The quasit barely misses you. x2
You hear a shout!
You take 8 damage, and have 26/36 hp.
MASSIVE DAMAGE!!
You now have 11/17 mp.
The quasit bites you but does no damage.
The quasit closely misses you.
The quasit claws you but does no damage.
The quasit completely misses you.
The quasit claws you but does no damage. x2
The quasit closely misses you.
You riposte.
You miss the quasit. The quasit barely misses you.
The quasit closely misses you. The quasit barely misses you.
You riposte.
You closely miss the quasit. The quasit misses you. The quasit claws you.
You now have 11/17 mp.
The orc priest mumbles some strange prayers to Beogh against you.
Beogh smites you! The quasit barely misses you.
You riposte.
You closely miss the quasit. The quasit claws you.
The quasit claws you but does no damage.
You take 10 damage, and have 17/36 hp.
MASSIVE DAMAGE!!
You now have 6/17 mp.
The quasit barely misses you. The quasit closely misses you.
The quasit claws you but does no damage.
You see here a bullfrog skeleton.
The quasit bites you but does no damage.
The quasit claws you.
You feel clumsy.
The quasit claws you but does no damage.
You take 1 damage, and have 17/36 hp.
The orc priest casts a cantrip, but nothing happens.
The quasit closely misses you.
You riposte.
You completely miss the quasit.
The quasit claws you but does no damage.
The quasit closely misses you. The quasit misses you.
You riposte.
You closely miss the quasit.
The quasit claws you but does no damage.
The quasit claws you.
You feel clumsy.
You take 1 damage, and have 17/36 hp.
You don't know that spell.
Aim: a quasit The sticky flame hits the quasit.
The quasit completely resists.
The quasit is covered in liquid flames!
You are feeling hungry.
The quasit burns!
The quasit bites you. The quasit closely misses you. x2
You take 1 damage, and have 16/36 hp.
You now have 4/17 mp.
The quasit burns!
The quasit burns!
The quasit bites you but does no damage.
The quasit claws you.
The quasit claws you but does no damage.
You take 1 damage, and have 15/36 hp.
You now have 3/17 mp.
The quasit burns!
The quasit stops burning.
The orc priest looks satisfied for a moment.
The quasit barely misses you.
You riposte.
You closely miss the quasit. The quasit barely misses you.
The quasit closely misses you.
Aim: a quasit (heavily wounded)
You miscast Sticky Flame.
You are very lightly contaminated with residual magic.
The air around you burns with energy! The quasit barely misses you.
The quasit closely misses you. x2; The quasit misses you.
You riposte.
You barely miss the quasit.
The quasit claws you but does no damage.
The quasit barely misses you.
You now have 0/17 mp.
The floor.
The quasit barely misses you. The quasit closely misses you.
The quasit misses you.
The quasit bites you but does no damage.
The quasit claws you. The quasit closely misses you.
You take 1 damage, and have 15/36 hp.
The orc priest mumbles some strange prayers to Beogh against you.
Beogh smites you!
* * * LOW HITPOINT WARNING * * *
You take 11 damage, and have 4/36 hp.
MASSIVE DAMAGE!!
You now have 0/17 mp.
The quasit misses you.
You riposte.
You hit the quasit but do no damage.
The quasit claws you but does no damage.
The quasit misses you.
The orc priest calls down the wrath of Beogh upon you.
Beogh smites you!
You die...

## ###
.#
#####.#
.#
#....##
##
###@##
#.# #5#
#o# #
##.#
###
#..#
..#
#..#
..#
#o##
..####
#O#


You could see an orc priest, a quasit and an orc.

Vanquished Creatures
  Blork the orc (D:5)
  2 bullfrogs (D:6)
  A crimson imp (D:6)
  An orc priest (D:4)
  Ijyb (D:2)
  An iguana (D:4)
  3 worker ants
  A hound skeleton (D:4)
  2 gnolls (D:3)
  2 adders
  An ooze (D:3)
  A worm (D:2)
  A dart slug (D:1)
  6 leopard geckos
  9 orcs
  11 bats
  8 giant cockroaches
  12 hobgoblins
  7 jackals
  A quokka (D:3)
  2 ball pythons
  8 frilled lizards
  13 goblins
  5 kobolds
  8 rats
108 creatures vanquished.

Notes
Turn   | Place    | Note
-------+----------+-------------------------------------------
     0 | D:1      | shakethe the Deep Elf Fire Elementalist began the quest for the Orb.
     0 | D:1      | Reached XP level 1. HP: 10/10 MP: 6/6
   170 | D:1      | Reached XP level 2. HP: 4/15 MP: 4/8
   623 | D:1      | Reached skill level 4 in Fire Magic
   970 | D:2      | Reached XP level 3. HP: 18/19 MP: 5/10
  1413 | D:2      | Found a faded altar of an unknown god.
  1509 | D:2      | Reached skill level 4 in Spellcasting
  1847 | D:2      | Noticed Ijyb
  1895 | D:2      | Paralysed by Ijyb for 4 turns
  1906 | D:2      | Paralysed by Ijyb for 3 turns
  1911 | D:2      | Paralysed by Ijyb for 2 turns
  1918 | D:2      | Killed Ijyb
  1918 | D:2      | Reached skill level 5 in Fire Magic
  1918 | D:2      | Reached XP level 4. HP: 20/24 MP: 1/12
  2008 | D:2      | Learned a level 3 spell: Conjure Flame
  2013 | D:2      | Learned a level 4 spell: Sticky Flame
  2578 | D:3      | Found a white marble altar of Elyvilon.
  2802 | D:3      | Reached XP level 5. HP: 22/28 MP: 1/14
  2813 | D:3      | Learned a level 5 spell: Fireball
  3408 | D:4      | Reached skill level 5 in Spellcasting
  3408 | D:4      | Reached skill level 6 in Fire Magic
  3531 | D:4      | Found a burning altar of Makhleb.
  3580 | D:4      | Found Qonoxin's Antique Armour Shoppe.
  3585 | D:4      | Bought a buckler for 135 gold pieces
  3607 | D:4      | Found a staircase to the Ecumenical Temple.
  3613 | Temple   | Entered the Ecumenical Temple
  3686 | Temple   | Became a worshipper of Vehumet
  3833 | D:4      | Reached XP level 6. HP: 20/32 MP: 4/16
  3840 | D:4      | HP: 8/32 [poisoned by a worker ant]
  3845 | D:4      | HP: 6/32 [poisoned by a worker ant]
  3850 | D:4      | HP: 4/32 [poisoned by a worker ant]
  3858 | D:4      | HP: 3/32 [poisoned by a worker ant]
  3866 | D:4      | HP: 2/32 [poisoned by a worker ant]
  4303 | D:5      | Entered Level 5 of the Dungeon
  4323 | D:5      | Noticed Blork the orc
  4336 | D:5      | Killed Blork the orc
  4340 | D:5      | Noticed Grinder
  4344 | D:5      | Paralysed by Grinder for 7 turns
  4603 | D:6      | Reached skill level 1 in Shields
  4845 | D:6      | Reached skill level 2 in Shields
  4849 | D:6      | Reached XP level 7. HP: 29/36 MP: 9/17
  5069 | D:6      | Found Toit's Gadget Shop.
  5117 | D:6      | HP: 4/36 [orc priest/divine providence (12)]
  5120 | D:6      | Killed from afar by an orc priest

Skill      XL: |  1  2  3  4  5  6 |
---------------+-------------------+-----
Fire Magic     | 4 5 6 |  6.8
Spellcasting   | 4 5 |  5.6
Shields        | 2 |  2.6
Dodging        | |  2.4
Stealth        | |  2.4
Conjurations   | |  1.1
Evocations     | |  0.6

Action                   |  1- 3 |  4- 6 |  7- 9 || total
-------------------------+-------+-------+-------++-------
Melee: Long sword        |       |     1 |    39 ||    40
 Cast: Flame Tongue      |    97 |   127 |     2 ||   226
       Sticky Flame      |       |     1 |     1 ||     2
  Eat: Chunk             |     3 |     5 |     1 ||     9
       Ration            |       |     1 |       ||     1
Armor: Robe              |    21 |    18 |    28 ||    67
Dodge: Dodged            |    51 |    48 |    63 ||   162
       Rpst.: Long sword |     4 |    11 |    15 ||    30

Vault maps used:
D:1:      wheals_arrival_shading
D:2:      kennysheep_the_goblin_king, serial_forest, infiniplex_forest_zigzag_1,
          infiniplex_forest_3_way, infiniplex_forest_lined_room_2,
          infiniplex_forest_end_3, infiniplex_forest_clump_large,
          infiniplex_forest_lined_1, chequers_ecumenical_altar_island
D:3:      minmay_diamond_boxcup, first_ration, elyvilon_altar_1
D:4:      bloody_makhleb, minmay_temple_entry_nine_rooms, serial_shops, shop
D:5:      serial_shops, nicolae_shop_competitors_out_of_business, uniq_ijyb,
          uniq_blork_the_orc, uniq_grinder
D:6:      serial_shops, nicolae_shop_statue_plus, uniq_pikel
Temple:   dpeg_three_leaves_temple

Table legend:
 A = Turns spent in this place as a percentage of turns spent in the entire game.
 B = Non-inter-level travel turns spent in this place as a percentage of non-inter-level travel turns spent in the entire game.
 C = Inter-level travel turns spent in this place as a percentage of turns spent in this place.
 D = Turns resting spent in this place as a percentage of non-inter-level travel turns spent in this place.
 E = Turns spent auto-exploring this place as a percentage of non-inter-level travel turns spent in this place.
 F = Non-inter-level travel turns spent in this place divided by the number of levels of this place that you've seen.
                   A       B       C       D       E      F
               +-------+-------+-------+-------+-------+----------------------
         Total | 100.0 | 100.0 |   0.4 |  29.9 |  45.3 | 728.7
       Dungeon |  98.4 |  98.5 |   0.2 |  30.3 |  44.7 | 837.5
        Temple |   1.6 |   1.5 |   8.4 |   0.0 |  85.5 |  76.0
               +-------+-------+-------+-------+-------+----------------------

Table legend:
 A = Kills in this place as a percentage of kills in entire the game.
 B = Kills by you in this place as a percentage of kills by you in the entire game.
 C = Kills by friends in this place as a percentage of kills by friends in the entire game.
 D = Other kills in this place as a percentage of other kills in the entire game.
 E = Experience gained in this place as a percentage of experience gained in the entire game.
 F = Experience gained in this place divided by the number of levels of this place that you have seen.
                   A       B       C       D       E      F
               +-------+-------+-------+-------+-------+----------------------
         Total | 100.0 | 100.0 |   N/A |   N/A | 100.0 | 112.7
       Dungeon | 100.0 | 100.0 |   N/A |   N/A | 100.0 | 131.5
               +-------+-------+-------+-------+-------+----------------------
